Map: Blackpink LE

Players

MrBangoJango - Winner!

  • Race: Zerg Zerg
  • Spawn Location: 1:00

Lenskor

  • Race: Protoss Protoss
  • League: Gold
  • Spawn Location: 7:00

VOD

Have the link to the VOD?

Description

Time

  • Played on: Feb. 16, 2018, 11:16 p.m.
  • Length: 17:35
Show
View Real Time Build Order
Export as new Build Order

MrBangoJango Zerg - Winner!

Build Orders: Hatch First, Lurkers 

Get SALT Encoding   

  12  0:14  Drone  
  12  0:15  Drone  
  12  0:18  Overlord  
  14  0:37  Drone  
  14  0:38  Drone  
  16  0:47  Drone  
  17  0:58  Hatchery  
  17  1:01  Drone  
  17  1:08  Drone  
  18  1:17  Extractor  
  17  1:19  Drone  
  17  1:24  Extractor  
  17  1:31  Drone  
  18  1:36  Spawning Pool  
  17  1:40  Drone  
  18  1:52  Drone  
  19  2:13  Drone x3  
  22  2:22  Drone  
  23  2:28  Queen  
  27  2:31  Overlord  
  27  2:41  Lair  
  25  2:44  Drone  
  25  2:45  Drone  
  25  2:49  Extractor  
  26  2:51  Overlord, Extractor  
  26  2:52  Overlord  
  26  2:55  Drone  
  26  3:03  Overlord  
  26  3:09  Drone  
  27  3:19  Overlord x2  
  27  3:26  Drone  
  28  3:27  Drone  
  28  3:32  Drone  
  30  3:40  Drone  
  30  3:41  Drone x3  
  34  3:45  Queen  
  36  3:52  Spore Crawler  
  35  3:58  Drone  
  35  4:00  Hydralisk Den  
  36  4:02  Drone  
  36  4:03  Drone x2  
  36  4:06  Drone  
  39  4:18  Spore Crawler  
  39  4:19  Spore Crawler  
  39  4:21  Spore Crawler  
  36  4:25  Drone x3  
  39  4:35  Lurker Den  
  38  4:39  Infestation Pit  
  38  4:41  Hydralisk x2  
  38  4:43  Hydralisk  
  43  4:49  Drone  
  43  4:50  Drone  
  43  4:51  Drone  
  46  5:00  Drone x3  
  49  5:18  Hive  
  49  5:22  Drone  
  49  5:23  Drone  
  49  5:26  Burrow  
  51  5:29  Drone  
  51  5:30  Drone x3  
  55  5:41  Hydralisk x5  
  65  5:44  Hydralisk  
  67  5:51  Spore Crawler  
  67  5:54  Spore Crawler, Drone x2  
  67  6:03  Lurker  
  67  6:04  Lurker x2  
  70  6:07  Lurker  
  70  6:08  Lurker x4  
  75  6:22  Lurker  
  76  6:33  Adaptive Talons  
  76  6:42  Overlord x5  
  76  6:43  Overlord  
  76  7:00  Hatchery  
  75  7:09  Drone x3  
  75  7:11  Hatchery  
  77  7:22  Drone  
  78  7:23  Drone x5  
  83  7:32  Evolution Chamber  
  82  7:37  Evolution Chamber  
  81  7:44  Evolution Chamber  
  81  7:46  Adrenal Glands  
  80  7:51  Muscular Augments  
  80  7:54  Drone x5  
  85  8:02  Spore Crawler  
  84  8:11  Spore Crawler  
  83  8:14  Zerg Ground Armor Level 1, Zerg Melee Weapons Level 1, Zerg Missile Weapons Level 1  
  83  8:21  Drone  
  83  8:22  Drone x4  
  83  8:25  Drone  
  83  8:26  Drone  
  83  8:27  Queen  
  90  8:31  Extractor  
  90  8:32  Extractor  
  90  8:37  Drone  
  90  8:38  Drone  
  90  8:39  Queen  
  94  8:56  Drone  
  94  8:57  Drone x4  
  94  8:59  Drone  
  94  9:00  Drone x2  
  102  9:03  Grooved Spines  
  102  9:12  Hydralisk  
  104  9:18  Hydralisk, Metabolic Boost  
  104  9:19  Hydralisk x13  
  132  9:28  Drone  
  132  9:29  Drone x2  
  135  9:32  Hydralisk, Extractor  
  135  9:33  Overlord x3  
  135  9:34  Extractor  
  135  9:38  Overlord  
  135  9:39  Overlord x4  
  135  9:51  Spire  
  134  10:01  Lurker x2  
  134  10:06  Hydralisk x5  
  134  10:07  Hydralisk  
  148  10:15  Drone x6  
  148  10:18  Drone x5  
  148  10:19  Pneumatized Carapace  
  159  10:29  Zerg Melee Weapons Level 2, Zerg Missile Weapons Level 2  
  159  10:33  Zerg Ground Armor Level 2  
  159  10:39  Drone  
  159  10:40  Drone  
  161  10:44  Drone  
  161  10:45  Drone x4  
  161  10:48  Lurker x2  
  161  10:49  Lurker  
  169  10:57  Lurker  
  170  11:18  Drone x5  
  175  11:20  Extractor, Hatchery  
  175  11:23  Extractor  
  175  11:24  Greater Spire  
  172  11:35  Spore Crawler  
  172  11:37  Spore Crawler  
  172  11:39  Drone x2  
  172  11:43  Drone x2  
  172  11:45  Hydralisk x2  
  172  11:46  Hydralisk x3  
  184  12:02  Drone  
  184  12:03  Drone x2  
  184  12:07  Drone x2  
  189  12:16  Lurker  
  189  12:17  Lurker x4  
  189  12:22  Drone x3  
  184  12:59  Queen  
  184  13:00  Hydralisk  
  184  13:01  Hydralisk x6  
  178  13:36  Corruptor x11  
  178  13:40  Zerg Melee Weapons Level 3, Zerg Missile Weapons Level 3  
  178  13:41  Zerg Ground Armor Level 3  
  184  14:02  Corruptor x5  
  182  14:27  Queen  
  184  14:34  Brood Lord x3  
  184  14:35  Brood Lord x5  
  200  14:53  Extractor  
  200  14:56  Extractor  
  200  14:58  Hatchery  
  169  16:07  Corruptor x4  
  169  16:08  Corruptor x12  
  194  16:51  Brood Lord x5  
Show
View Real Time Build Order
Export as new Build Order

Lenskor Protoss 

Build Orders: 1 Gate Expand 

Get SALT Encoding   

  12  0:10  Probe  
  13  0:19  Pylon  
  13  0:22  Probe (Chrono Boost)  
  14  0:32  Probe (Chrono Boost)  
  15  0:37  Probe (Chrono Boost)  
  15  0:38  Gateway  
  16  0:48  Probe  
  17  0:51  Assimilator  
  17  1:00  Probe  
  18  1:12  Probe  
  19  1:24  Probe  
  20  1:33  Nexus  
  20  1:43  Cybernetics Core  
  20  1:45  Probe  
  21  1:52  Assimilator  
  21  2:04  Pylon  
  21  2:11  Probe  
  22  2:22  Warp Gate  
  22  2:24  Adept  
  22  2:28  Probe  
  25  2:35  Gateway  
  25  2:40  Probe  
  26  2:46  Twilight Council  
  26  2:48  Probe  
  29  2:51  Adept  
  29  3:04  Gateway  
  29  3:12  Gateway  
  29  3:21  Resonating Glaives (Chrono Boost)  
  29  3:27  Probe x2  
  31  3:35  Stalker  
  31  3:39  Probe  
  34  3:45  Robotics Facility  
  34  3:50  Pylon  
  34  3:52  Probe  
  34  3:55  Probe  
  36  4:06  Probe  
  37  4:18  Probe x2  
  39  4:27  Pylon  
  39  4:30  Shield Battery  
  39  4:33  Adept x3  
  39  4:34  Adept  
  47  4:43  Immortal  
  51  4:53  Gateway  
  51  4:58  Gateway, Adept  
  53  5:07  Adept  
  53  5:08  Adept x2  
  53  5:12  Probe (Chrono Boost)  
  60  5:14  Assimilator  
  60  5:17  Assimilator  
  60  5:18  Probe (Chrono Boost)  
  61  5:24  Probe (Chrono Boost)  
  61  5:27  Pylon  
  62  5:32  Pylon  
  62  5:45  Probe x2  
  62  5:46  Adept x2, Observer  
  69  5:52  Adept x2  
  69  5:56  Pylon  
  73  5:57  Probe  
  73  5:58  Pylon  
  73  5:59  Probe  
  75  6:15  Adept x3  
  75  6:16  Adept  
  83  6:22  Pylon  
  83  6:33  Gateway  
  83  6:37  Gateway  
  83  6:41  Adept x2  
  83  6:42  Adept  
  89  7:10  Adept x3  
  89  7:11  Adept x3  
  101  7:38  Nexus  
  101  7:39  Pylon  
  101  7:41  Pylon  
  101  7:44  Assimilator  
  101  7:47  Assimilator  
  101  7:50  Pylon  
  101  7:51  Pylon  
  101  7:54  Pylon  
  101  7:56  Probe  
  101  7:57  Probe  
  103  8:10  Probe x2  
  103  8:12  Adept x4  
  113  8:24  Forge  
  113  8:27  Warp Prism (Chrono Boost)  
  115  8:47  Probe x2  
  117  8:52  Protoss Ground Weapons Level 1 (Chrono Boost)  
  117  9:00  Immortal (Chrono Boost)  
  121  9:08  Robotics Bay  
  121  9:11  Sentry  
  121  9:12  Sentry x3  
  121  9:13  Adept x3  
  121  9:14  Adept  
  137  9:17  Probe  
  137  9:18  Probe x2  
  140  9:29  Probe  
  140  9:30  Probe  
  142  9:38  Forge  
  142  9:42  Immortal (Chrono Boost)  
  146  10:04  Colossus (Chrono Boost)  
  146  10:07  Probe x3  
  146  10:09  Extended Thermal Lance (Chrono Boost)  
  155  10:19  Probe  
  156  10:22  Protoss Ground Armor Level 1 (Chrono Boost)  
  156  10:26  Protoss Ground Weapons Level 2 (Chrono Boost)  
  156  10:57  Probe  
  157  11:10  Pylon  
  157  11:11  Pylon  
  157  11:14  Pylon  
  157  11:17  Colossus (Chrono Boost)  
  157  11:28  Probe  
  164  11:33  Probe x2  
  166  11:46  Adept x4  
  174  11:47  Adept x2  
  174  11:48  Adept  
  180  12:04  Protoss Ground Armor Level 2 (Chrono Boost)  
  180  12:05  Pylon  
  180  12:06  Pylon  
  180  12:08  Pylon  
  180  12:22  Colossus (Chrono Boost)  
  80  12:49  Adept x3  
  80  12:50  Adept x5  
  90  12:54  Protoss Ground Weapons Level 3 (Chrono Boost)  
  88  13:08  Observer (Chrono Boost)  
  89  13:15  Nexus  
  89  13:17  Pylon x2, Adept x5  
  89  13:18  Adept x3  
  86  13:20  Assimilator  
  86  13:23  Assimilator  
  80  13:29  Colossus  
  82  13:43  Adept x3  
  82  13:44  Adept x4  
  82  13:45  Adept  
  96  14:08  Adept x4  
  96  14:09  Adept x4  
  106  14:22  Colossus  
  112  14:30  Adept x2  
  112  14:31  Adept x4  
  114  14:32  Adept x2  
  124  14:45  Pylon x2  
  124  14:47  Shield Battery  
  124  15:01  Probe  
  124  15:05  Adept x3  
  124  15:06  Adept x5  
  141  15:26  Adept  
  141  15:27  Adept x5  
  141  15:28  Adept x2  
  157  15:40  Shield Battery  
  157  15:41  Shield Battery  
  75  16:06  Adept  
  75  16:07  Adept x7  
  77  16:18  Stargate  
  77  16:19  Stargate  
  77  16:21  Stargate  
  68  16:27  Stalker x3  
  68  16:28  Stalker x4  
  68  16:29  Stalker  
  35  17:05  Adept x2  
  35  17:06  Adept x5  
  35  17:07  Adept  
Tags
 
Composition
Lurkers
League
Gold
Matchup
PvZ
Spawn Locations
Cross Positions
Add a new tag
Caveats
  • Supply blocks, unpowered buildings, or Contaminate may cause inaccurate times.
  • Supply counts are checked every 10 seconds.